 Dungeon Crawl Stone Soup version 0.30.0-16-gbe6223bb7e (webtiles) character file.

Game seed: 3142417112166744963

1295 Peon the Shield-Bearer (level 8, 0/64 HPs)
             Began as a Formicid Fighter on May 19, 2023.
             Slain by a sleepcap (12 damage)
             ... on level 5 of the Dungeon on May 20, 2023.
             The game lasted 00:11:15 (4351 turns).

Peon the Shield-Bearer (Formicid Fighter)           Turns: 4351, Time: 00:11:16

Health: 0/64       AC: 12    Str: 22    XL:     8   Next: 86%
Magic:  8/8        EV:  2    Int:  9    God:
Gold:   248        SH:  0    Dex: 13    Spells: 7/7 levels left

rFire   . . .        u - +0 scythe
rCold   . . .        c - +0 buckler
rNeg    . . .        n - +0 plate armour
rPois   .            (helmet unavailable)
rElec   .            (no cloak)
rCorr   .            (no gloves)
SInv    +            (no boots)
Will    .....        (no amulet) Stlth
                     (no ring)
HPRegen 0.30/turn    (no ring)
MPRegen 0.11/turn

%: no passive effects
@: lethally poisoned (0 -> -1), sleeping
A: permanent stasis, dig shafts and tunnels, antennae 3, four strong arms
a: Dig, Shaft Self


You were on level 5 of the Dungeon.
You visited 1 branch of the dungeon, and saw 5 of its levels.
You also visited: Sewer.

You collected 248 gold pieces.

Inventory:

Hand Weapons
 a - a +0 war axe
 b - a +2 hand axe of freezing
 u - a +0 scythe (weapon)
Missiles
 w - a throwing net
Armour
 c - a +0 buckler (worn)
 n - a +0 plate armour (worn)
Jewellery
 t - a ring of willpower
 v - a ring of protection from cold
Scrolls
 i - a scroll of amnesia
 m - a scroll of noise
 o - 2 scrolls of immolation
 p - 5 scrolls of fear
 q - a scroll of fog {unknown}
 r - a scroll of enchant weapon
 s - 4 scrolls of teleportation
 x - a scroll of blinking {unknown}
 y - a scroll of enchant armour {unknown}
Potions
 d - 2 potions of might
 e - a potion of flight
 f - a potion of invisibility {unknown}
 g - a potion of curing
 h - a potion of degeneration {unknown}
 j - a potion of lignification
 l - 2 potions of heal wounds
 z - a potion of berserk rage {unknown}
 A - a potion of attraction {unknown}


   Skills:
 + Level 5.9 Fighting
 - Level 3.2(3.9) Axes
 + Level 3.3(4.0) Polearms
 + Level 5.9 Armour
 + Level 3.9 Dodging
 + Level 7.1 Shields


You had 7 spell levels left.
You didn't know any spells.
Your spell library contained the following spells:

 Spells                   Type           Power      Damage    Failure   Level
 Slow                     Hex            0%         N/A       100%        1
 Confusing Touch          Hex            0%         N/A       100%        3
 Tukima's Dance           Hex            0%         N/A       100%        3
 Vampiric Draining        Necr           0%         2d6       100%        3
 Passage of Golubria      Tloc           0%         N/A       100%        4
 Yara's Violent Unravell  Hex/Tmut       0%         3d3       100%        5


Dungeon Overview and Level Annotations

Branches:
Dungeon (5/15)              Sewer (visited)
 Temple: D:4-7

Altars:

Shops:
D:2 (


Innate Abilities, Weirdness & Mutations

You cannot be hasted, slowed, berserked, paralysed or teleported.
You can dig through walls and to a lower floor.
You have a pair of large antennae on your head. (SInv)
Your four strong arms can wield two-handed weapons with a shield.


Message History

You feel very sick.
The scorpion stings you but does no damage.
The sleepcap releases spores at you.
You are engulfed in a cloud of soporific spores!
You fall asleep.
You feel very sick.
The scorpion stings you but does no damage.
The sleepcap releases spores at you but does no damage.
You feel very sick. The scorpion stings you!
You wake up.
You are more poisoned.
The scorpion poisons you! The sleepcap barely misses you.
The scorpion attacks as you move away!
The scorpion stings you but does no damage.
You feel very sick. The scorpion barely misses you.
You feel very sick.
You hit the scorpion but do no damage.
The scorpion is lightly wounded.
You feel very sick. The scorpion closely misses you.
You closely miss the scorpion.
The scorpion is lightly wounded.
You feel sick. The scorpion barely misses you. x2
You hit the scorpion.
The scorpion is heavily wounded.
You feel sick.
The scorpion stings you but does no damage.
You block the scorpion's attack.
You hit the scorpion.
The scorpion is severely wounded.
You feel sick. You block the scorpion's attack.
You slice the scorpion!!
You kill the scorpion!
You feel sick. The sleepcap releases spores at you.
* * * LOW HITPOINT WARNING * * *
You are engulfed in a cloud of soporific spores!
You fall asleep.
You feel sick. The sleepcap releases spores at you!
You die...

#).......#
#.......^# #
######........# #
#...##........# #
#...##........#
####
#...##........#
+..### #...# #'#
##...# #...# #f#
####.###...#####@#
...........'...#.#
#####......###.#.#
# ###....# #.#.# #
#....# #.#.#
#######.#### #.#.#
#........# #.#.#
.........# #.#.#
##.......# #.#.#


You could see a sleepcap.

Vanquished Creatures
  Pikel (D:5)
  Sigmund (D:3)
  2 black bears (D:5)
  An ogre (D:5)
  A lemure (D:5)
  A centaur (D:4)
  A scorpion (D:5)
  A howler monkey (D:5)
  An orc priest (D:4)
  A hell rat (Sewer)
  2 adders (D:2)
  8 gnolls
  A river rat (Sewer)
  2 ufetubi (D:5)
  A worm (D:5)
  4 dart slugs
  9 orcs
  4 endoplasms
  2 giant cockroaches
  6 goblins
  8 hobgoblins
  8 jackals
  4 kobolds
  4 quokkas
  6 ball pythons
  6 bats
  2 frilled lizards (D:2)
  11 rats
99 creatures vanquished.

Notes
Turn   | Place    | Note
-------+----------+-------------------------------------------
     0 | D:1      | Peon the Formicid Fighter began the quest for the Orb.
     0 | D:1      | Reached XP level 1. HP: 18/18 MP: 1/1
   119 | D:1      | Reached XP level 2. HP: 22/24 MP: 2/2
   290 | D:1      | Found a faded altar of an unknown god.
   398 | D:1      | Reached XP level 3. HP: 27/29 MP: 3/3
   853 | D:2      | Found Rasate Xuihi's Weapon Shop.
   934 | D:2      | Reached skill level 1 in Dodging
   934 | D:2      | Reached XP level 4. HP: 33/37 MP: 4/4
  2107 | D:3      | Noticed Sigmund
  2165 | D:3      | Killed Sigmund
  2166 | D:3      | Reached skill level 5 in Shields
  2166 | D:3      | Reached XP level 5. HP: 29/43 MP: 5/5
  2166 | D:3      | Reached XP level 6. HP: 33/49 MP: 6/6
  2790 | D:4      | Upgraded the game from 0.30.0-15-g856e2d3f33 to
                  | 0.30.0-16-gbe6223bb7e
  3123 | D:4      | Reached XP level 7. HP: 49/55 MP: 7/7
  3447 | D:4      | Reached skill level 1 in Polearms
  3669 | D:5      | Entered Level 5 of the Dungeon
  3786 | D:5      | Reached skill level 5 in Armour
  3786 | D:5      | Reached skill level 6 in Shields
  3789 | D:5      | Reached skill level 5 in Fighting
  3900 | D:5      | Found a glowing drain.
  3920 | Sewer    | Entered a sewer
  3983 | Sewer    | Reached XP level 8. HP: 52/62 MP: 8/8
  4058 | D:5      | Noticed Pikel
  4077 | D:5      | Killed Pikel
  4102 | D:5      | Reached skill level 7 in Shields
  4351 | D:5      | Slain by a sleepcap

Illustrated notes

Levels and vault maps discovered:
D:1:      minmay_arrival_split_and_join, layout_loops_cross,
          basic_ecumenical_altar
D:2:      layout_basic, serial_shops, nicolae_shop_tiny_glass,
          chequers_serial_rivers_micro_d, minmay_three_crescents
D:3:      layout_loops_ring, uniq_sigmund
D:4:      layout_basic
D:5:      layout_basic, cheibrodos_sewer_entry_sluice, uniq_pikel

Skill      XL: |  1  2  3  4  5  6  7  8 |
---------------+-------------------------+-----
Dodging        | 1 2 3 |  3.9
Fighting       | 4 5 |  5.9
Axes           | 3 |  3.2
Armour         | 4 5 |  5.9
Shields        | 5 6 7 |  7.1
Polearms       | 2 3 |  3.3

Action                     |  1- 3 |  4- 6 |  7- 9 || total
---------------------------+-------+-------+-------++-------
  Melee: War axe           |    65 |    17 |       ||    82
         Hand axe          |       |    38 |       ||    38
         Halberd           |       |    67 |   107 ||   174
    Use: Scroll            |       |       |    10 ||    10
         Potion            |       |       |     1 ||     1
 Armour: Scale mail        |    34 |    27 |       ||    61
         Plate armour      |       |    53 |    90 ||   143
  Dodge: Dodged            |    36 |    60 |    54 ||   150
  Block: Buckler           |    11 |    21 |    42 ||    74
